 Dungeon Crawl Stone Soup version 0.30.0-19-g36f170ea60 (webtiles) character file.

Game seed: 4059371938578394883

3676 booth the Cleaver (level 10, -3/75 (79) HPs)
             Began as a Gnoll Reaver on May 26, 2023.
             Was an Initiate of Uskayaw.
             Slain by a steam dragon (5 damage)
             ... on level 8 of the Dungeon.
             The game lasted 00:58:55 (9415 turns).

booth the Cleaver (Gnoll Reaver)                    Turns: 9415, Time: 00:58:56

HP:   -3/75 (79)    AC: 12    Str: 15    XL:     10   Next: 13%
MP:   13/20         EV: 13    Int: 14    God:    Uskayaw [......]
Gold: 405           SH:  5    Dex: 10    Spells: 5/23 levels left

rFire   + . .        a - +0 hand axe (freeze)
rCold   x . .        F - +0 buckler
rNeg    . . .        b - +0 leather armour
rPois   +            w - +0 helmet
rElec   .            J - +0 cloak
rCorr   .            c - +2 pair of gloves
SInv    .            L - +2 pair of boots of the Heron {rPois rF+ rC- Will++}
Will    +++..        (no amulet)
Stlth   ++           m - ring of willpower
HPRegen 0.32/turn    p - ring of poison resistance
MPRegen 0.17/turn

%: no passive effects
@: drained
A: fangs 1, strong nose, distributed training
a: Renounce Religion


You were on level 8 of the Dungeon.
You worshipped Uskayaw.
Uskayaw was noncommittal.
You visited 1 branch of the dungeon, and saw 8 of its levels.
You also visited: Ossuary.

You collected 405 gold pieces.

Inventory:

Hand Weapons
 a - a +0 hand axe of freezing (weapon)
 G - a +0 war axe
 H - a +1 mace of holy wrath
 R - a +2 flail of protection
Missiles
 i - 8 poisoned darts (quivered)
 C - 3 boomerangs
 K - a throwing net
Armour
 b - a +0 leather armour (worn)
 c - a +2 pair of gloves (worn)
 g - a +0 pair of boots
 k - a +3 scale mail of poison resistance
 w - a +0 helmet (worn)
 F - a +0 buckler (worn)
 J - a +0 cloak (worn)
 L - the +2 pair of boots of the Heron (worn) {rPois rF+ rC- Will++}
   (You found it on level 6 of the Dungeon)

   rF:        It protects you from fire.
   rC:        It makes you vulnerable to cold.
   rPois:     It protects you from poison.
   Will:      It greatly increases your willpower.
Jewellery
 h - a ring of magical power
 m - a ring of willpower (left hand)
 o - a ring of willpower
 p - a ring of poison resistance (right hand)
 N - a ring of resist corrosion
Wands
 e - a wand of flame (4)
 u - a wand of roots (23)
Scrolls
 d - a scroll of magic mapping
 j - 2 scrolls of fog
 r - a scroll of vulnerability
 s - 3 scrolls of poison
 y - 3 scrolls of teleportation
 z - 3 scrolls of identify
 B - a scroll of enchant weapon {unknown}
 D - 2 scrolls of noise {unknown}
 I - 2 scrolls of amnesia
 Q - a scroll of enchant armour {unknown}
Potions
 f - 4 potions of heal wounds
 l - 5 potions of curing
 n - a potion of ambrosia
 q - 4 potions of attraction
 t - 2 potions of mutation
 v - a potion of magic {unknown}
 x - a potion of might
 A - 2 potions of brilliance {unknown}
 P - a potion of lignification {unknown}


   Skills:
 + Level 7.0 Fighting
 + Level 5.1 Short Blades
 + Level 5.1 Long Blades
 + Level 8.4 Axes
 + Level 5.1 Maces & Flails
 + Level 5.1 Polearms
 + Level 5.1 Staves
 + Level 5.1 Ranged Weapons
 + Level 5.1 Throwing
 + Level 5.1 Armour
 + Level 7.0 Dodging
 + Level 5.1 Stealth
 + Level 5.1 Shields
 + Level 5.1 Unarmed Combat
 + Level 7.3 Spellcasting
 + Level 7.0 Conjurations
 + Level 4.2 Hexes
 + Level 4.2 Summonings
 + Level 4.2 Necromancy
 + Level 4.2 Translocations
 + Level 4.2 Transmutations
 + Level 4.2 Fire Magic
 + Level 4.2 Ice Magic
 + Level 4.2 Air Magic
 + Level 4.2 Earth Magic
 + Level 4.2 Poison Magic
 + Level 5.6 Invocations
 + Level 5.1 Evocations


You had 5 spell levels left.
You knew the following spells:

 Your Spells              Type           Power      Damage    Failure   Level
a - Kiss of Death         Conj/Necr      80%        2d11      2%          1
b - Momentum Strike       Conj/Tloc      40%        3d9       3%          2
c - Hailstorm             Conj/Ice       20%        3d6       6%          3
d - Wereblood             Tmut           17%        N/A       5%          2
e - Searing Ray           Conj           48%        2d6       1%          2
f - Poisonous Vapours     Pois/Air       34%        N/A       5%          2
g - Mephitic Cloud        Conj/Pois/Air  19%        N/A       8%          3
h - Volatile Blastmotes   Fire/Tloc      34%        2d12      11%         3

Your spell library contained the following spells:

 Spells                   Type           Power      Damage    Failure   Level
 Magic Dart               Conj           96%        1d7       1%          1
 Beastly Appendage        Tmut           34%        N/A       3%          1
 Call Canine Familiar     Summ           17%        N/A       11%         3
 Spider Form              Tmut/Pois      17%        N/A       11%         3
 Fulminant Prism          Conj/Hex       10%        3d8       22%         4
 Summon Ice Beast         Ice/Summ       17%        N/A       36%         4
 Freezing Cloud           Conj/Ice/Air   9%         6-21      56%         5
 Summon Mana Viper        Hex/Summ       17%        N/A       71%         5
 Starburst                Conj/Fire      10%        6d5       97%         6
 Malign Gateway           Summ/Tloc      8%         N/A       100%        7
 Monstrous Menagerie      Summ           8%         N/A       100%        7
 Summon Horrible Things   Summ           8%         N/A       100%        8


Dungeon Overview and Level Annotations

Branches:
Dungeon (8/15)             Temple (0/1) D:4         Ossuary (visited)
   Lair: D:8-11

Altars:
Cheibriados
Elyvilon
Fedhas
Kikubaaqudgha
Makhleb
Nemelex Xobeh
Ru
Sif Muna
Uskayaw
Wu Jian
Xom
Yredelemnul
Zin
The Shining One

Shops:
D:2 [   D:8 ?


Innate Abilities, Weirdness & Mutations

You have very sharp teeth.
Your uncanny sense of smell can sniff out nearby items.
Your experience applies equally to all skills.


Message History

You hit the wyvern but do no damage. You bite the wyvern, but do no damage.
The wyvern is moderately wounded.
You barely miss the steam dragon. The wyvern closely misses you.
The steam dragon bites you. The steam dragon claws you.
The wyvern is engulfed in a cloud of scalding steam.
The wyvern bites you! The steam dragon barely misses you.
The steam dragon claws you but does no damage.
The wyvern closely misses you.
You hit the steam dragon but do no damage.
Your bite misses the steam dragon.
The steam dragon is moderately wounded.
You barely miss the wyvern. You block the wyvern's attack.
The steam dragon bites you but does no damage.
The steam dragon barely misses you.
You hit the steam dragon. You freeze the steam dragon.
The steam dragon is moderately wounded.
You hit the wyvern. You freeze the wyvern. The wyvern bites you!
* * * LOW HITPOINT WARNING * * *
The steam dragon barely misses you.
The steam dragon claws you but does no damage.
The wyvern misses you.
You can now stomp with the beat.
You stomp with the beat, sending a shockwave through the revellers around you!
The steam dragon is severely wounded.
The wyvern is severely wounded.
You can no longer stomp with the beat.
You block the wyvern's attack. The steam dragon bites you.
* * * LOW HITPOINT WARNING * * *
The steam dragon claws you but does no damage.
Casting: Kiss of Death (safe; 2% risk of failure)
Confirm with . or Enter, or press ? or * to list all spells.
A cloud of volatile blastmotes flares up around you!
The wyvern bites you but does no damage.
The steam dragon closely misses you. The steam dragon barely misses you.
The wyvern closely misses you. The wyvern bites you.
* * * LOW HITPOINT WARNING * * *
The steam dragon bites you.
* * * LOW HITPOINT WARNING * * *
The steam dragon claws you.
You die...

#........#....#
.
#........#....#
.
#....##..#....#
.
#....##..#....#
.
#........#....+
.
#........'....#
#
#........#....#
#........#.Dl.#
##########.ยง@.#
######


You could see a steam dragon and a wyvern.

Vanquished Creatures
  Prince Ribbit (D:8)
  A wyvern (D:8)
  2 orc warriors
  An ice beast (D:6)
  A black bear (D:7)
  A sky beast (D:6)
  An ogre (D:7)
  A phantom (D:3)
  A kobold brigand (D:6)
  6 bullfrogs
  13 scorpions
  4 wights (D:7)
  4 killer bees (D:8)
  2 howler monkeys (D:7)
  5 centaur zombies (Ossuary)
  Crazy Yiuf (D:6)
  A gnoll bouda (D:6)
  A human zombie (Ossuary)
  3 orc priests
  3 hounds
  3 iguanas
  Natasha (thrice) (D:2)
  2 orc wizards
  3 mummies (Ossuary)
  3 gnolls (D:6)
  10 adders
  A shadow imp (D:8)
  A white imp (D:5)
  2 worms
  2 dart slugs
  31 orcs
  9 ball pythons
  2 bats (D:1)
  8 endoplasms
  4 gnoll zombies (Ossuary)
  5 goblins
  7 hobgoblins
  19 jackals
  3 quokkas
  5 frilled lizards
  3 goblin zombies (Ossuary)
  2 hobgoblin zombies (Ossuary)
  8 kobolds
  3 kobold zombies (Ossuary)
  3 orc zombies (Ossuary)
  A rat (D:1)
196 creatures vanquished.

Vanquished Creatures (collateral kills)
  2 killer bees (D:8)
2 creatures vanquished.

Grand Total: 198 creatures vanquished

Notes
Turn   | Place    | Note
-------+----------+-------------------------------------------
     0 | D:1      | booth the Gnoll Reaver began the quest for the Orb.
     0 | D:1      | Reached XP level 1. HP: 20/20 MP: 6/6
   195 | D:1      | Reached XP level 2. HP: 20/26 MP: 7/7
   200 | D:1      | Learned a level 2 spell: Momentum Strike
   782 | D:2      | Reached skill level 5 in Spellcasting
   782 | D:2      | Reached XP level 3. HP: 31/31 MP: 9/9
   786 | D:2      | Learned a level 3 spell: Hailstorm
   830 | D:2      | Noticed Natasha
   840 | D:2      | Killed Natasha
   841 | D:2      | Reached skill level 1 in Short Blades
   841 | D:2      | Reached skill level 1 in Long Blades
   841 | D:2      | Reached skill level 1 in Maces & Flails
   841 | D:2      | Reached skill level 1 in Polearms
   841 | D:2      | Reached skill level 1 in Staves
   841 | D:2      | Reached skill level 1 in Ranged Weapons
   841 | D:2      | Reached skill level 1 in Throwing
   841 | D:2      | Reached skill level 1 in Armour
   841 | D:2      | Reached skill level 1 in Stealth
   841 | D:2      | Reached skill level 1 in Shields
   841 | D:2      | Reached skill level 1 in Unarmed Combat
   841 | D:2      | Reached skill level 1 in Invocations
   841 | D:2      | Reached skill level 1 in Evocations
   975 | D:2      | Found a faded altar of an unknown god.
   976 | D:2      | Noticed Natasha
   991 | D:2      | Killed Natasha
   992 | D:2      | Reached skill level 1 in Hexes
   992 | D:2      | Reached skill level 1 in Summonings
   992 | D:2      | Reached skill level 1 in Necromancy
   992 | D:2      | Reached skill level 1 in Translocations
   992 | D:2      | Reached skill level 1 in Transmutations
   992 | D:2      | Reached skill level 1 in Fire Magic
   992 | D:2      | Reached skill level 1 in Ice Magic
   992 | D:2      | Reached skill level 1 in Air Magic
   992 | D:2      | Reached skill level 1 in Earth Magic
   992 | D:2      | Reached skill level 1 in Poison Magic
   992 | D:2      | Reached XP level 4. HP: 20/36 MP: 11/11
  1062 | D:2      | Prayed at the altar of an unknown god.
  1062 | D:2      | Became a worshipper of Uskayaw the Reveller
  1062 | D:2      | Reached * piety under Uskayaw
  1152 | D:2      | Found Vuquiwk's Antique Armour Shoppe.
  1206 | D:2      | Reached ** piety under Uskayaw
  1339 | D:2      | Noticed Natasha
  1351 | D:2      | Killed Natasha
  1352 | D:2      | Reached XP level 5. HP: 36/43 MP: 12/12
  2098 | D:3      | Noticed a phantom
  2132 | D:3      | Killed a phantom
  2133 | D:3      | Reached XP level 6. HP: 14/50 MP: 13/13
  2849 | D:4      | Reached skill level 5 in Fighting
  2849 | D:4      | Reached skill level 5 in Dodging
  3068 | D:4      | Found a staircase to the Ecumenical Temple.
  3219 | D:4      | Found an ancient bone altar of Kikubaaqudgha.
  3219 | D:4      | Found a sparkling altar of Nemelex Xobeh.
  3223 | D:4      | Found a glowing silver altar of Zin.
  3223 | D:4      | Found a basalt altar of Yredelemnul.
  3588 | D:5      | Entered Level 5 of the Dungeon
  3639 | D:5      | Reached skill level 7 in Axes
  3639 | D:5      | Reached XP level 7. HP: 56/56 MP: 15/15
  3826 | D:5      | Reached *** piety under Uskayaw
  3833 | D:5      | Reached **** piety under Uskayaw
  4778 | D:5      | Got Otebba Naca's Anthology of Molten Invitation
  4782 | D:5      | Learned a level 2 spell: Wereblood
  4782 | D:5      | Upgraded the game from 0.30.0-18-gc0e69614cb to
                  | 0.30.0-19-g36f170ea60
  4887 | D:6      | Found a sand-covered staircase.
  4926 | Ossuary  | Entered an ossuary
  4950 | Ossuary  | Reached XP level 8. HP: 53/63 MP: 16/16
  5940 | D:6      | Learned a level 2 spell: Searing Ray
  5953 | D:6      | Reached XP level 9. HP: 35/58 MP: 16/18
  6461 | D:6      | Learned a level 2 spell: Poisonous Vapours
  6465 | D:6      | Learned a level 3 spell: Mephitic Cloud
  6821 | D:6      | Identified the +2 pair of boots of the Heron {rPois rF+ rC-
                  | Will++}
  7152 | D:6      | Found a runed translucent door.
  7153 | D:6      | Noticed Crazy Yiuf
  7160 | D:6      | Killed Crazy Yiuf
  7161 | D:6      | Reached skill level 8 in Axes
  7353 | D:7      | Found an ornate altar of the Wu Jian Council.
  7353 | D:7      | Found a glowing golden altar of the Shining One.
  7353 | D:7      | Found a sacrificial altar of Ru.
  7353 | D:7      | Found a snail-covered altar of Cheibriados.
  7360 | D:7      | Found a shimmering blue altar of Sif Muna.
  7360 | D:7      | Found a hide-covered altar of Uskayaw.
  7484 | D:7      | Found a shimmering altar of Xom.
  7485 | D:7      | Reached skill level 5 in Invocations
  7669 | D:7      | Found a blossoming altar of Fedhas.
  7678 | D:7      | Found a white marble altar of Elyvilon.
  7687 | D:7      | Found a burning altar of Makhleb.
  8801 | D:8      | Noticed Prince Ribbit
  8837 | D:8      | Killed Prince Ribbit
  8982 | D:8      | Reached skill level 5 in Short Blades
  8982 | D:8      | Reached skill level 5 in Long Blades
  8982 | D:8      | Reached skill level 5 in Maces & Flails
  8982 | D:8      | Reached skill level 5 in Polearms
  8982 | D:8      | Reached skill level 5 in Staves
  8982 | D:8      | Reached skill level 5 in Ranged Weapons
  8982 | D:8      | Reached skill level 5 in Throwing
  8982 | D:8      | Reached skill level 5 in Armour
  8982 | D:8      | Reached skill level 5 in Stealth
  8982 | D:8      | Reached skill level 5 in Shields
  8982 | D:8      | Reached skill level 5 in Unarmed Combat
  8982 | D:8      | Reached skill level 5 in Evocations
  8989 | D:8      | Reached XP level 10. HP: 70/77 MP: 15/20
  9326 | D:8      | Found Duokil's Magic Scroll Boutique.
  9362 | D:8      | Learned a level 3 spell: Volatile Blastmotes
  9415 | D:8      | HP: 2/75 [steam dragon (5)]
  9415 | D:8      | Slain by a steam dragon

Illustrated notes

Levels and vault maps discovered:
D:1:      evilmike_arrival_home_sweet_home, layout_basic
D:2:      layout_basic, nicolae_ecumenical_snake_handling, serial_shops, shop,
          nicolae_concentric_dashed_squares_wild, amethyst_killhole,
          uniq_natasha
D:3:      layout_loops_ring
D:4:      layout_basic, chequers_temple_overflow_statue_of_worship,
          minmay_temple_entry_ruins, nicolae_half_adder
D:5:      layout_basic, grunt_decor_mini_mirrors, minivault_1, roderic_lattice_a
D:6:      layout_loops_ring, chequers_ossuary_entry_cave,
          uniq_crazy_yiuf_cottage
D:7:      layout_basic, minmay_overflow_temple_hex,
          grunt_temple_overflow_cloverleaf, nicolae_benzene_ring
D:8:      layout_gridville, kennysheep_little_box, nicolae_take_the_stairs,
          uniq_prince_ribbit1

Skill      XL: |  1  2  3  4  5  6  7  8  9 10 |
---------------+-------------------------------+-----
Spellcasting   | 5 6 7 |  7.3
Short Blades   | 1 2 3 4 5 |  5.1
Long Blades    | 1 2 3 4 5 |  5.1
Maces & Flails | 1 2 3 4 5 |  5.1
Polearms       | 1 2 3 4 5 |  5.1
Staves         | 1 2 3 4 5 |  5.1
Ranged Weapons | 1 2 3 4 5 |  5.1
Throwing       | 1 2 3 4 5 |  5.1
Armour         | 1 2 3 4 5 |  5.1
Stealth        | 1 2 3 4 5 |  5.1
Shields        | 1 2 3 4 5 |  5.1
Unarmed Combat | 1 2 3 4 5 |  5.1
Invocations    | 1 2 3 4 5 |  5.6
Evocations     | 1 2 3 4 5 |  5.1
Hexes          | 1 2 3 4 |  4.2
Summonings     | 1 2 3 4 |  4.2
Necromancy     | 1 2 3 4 |  4.2
Translocations | 1 2 3 4 |  4.2
Transmutations | 1 2 3 4 |  4.2
Fire Magic     | 1 2 3 4 |  4.2
Ice Magic      | 1 2 3 4 |  4.2
Air Magic      | 1 2 3 4 |  4.2
Earth Magic    | 1 2 3 4 |  4.2
Poison Magic   | 1 2 3 4 |  4.2
Fighting       | 5 6 7 |  7.0
Dodging        | 5 6 7 |  7.0
Axes           | 7 8 |  8.4
Conjurations   | 6 7 |  7.0

Action                     |  1- 3 |  4- 6 |  7- 9 | 10-12 || total
---------------------------+-------+-------+-------+-------++-------
  Melee: Hand axe          |    79 |   217 |   479 |    82 ||   857
         Bite              |     5 |    17 |    64 |     7 ||    93
         Punch             |     2 |     1 |     8 |       ||    11
  Throw: Dart              |       |       |     1 |       ||     1
   Cast: Kiss of Death     |     1 |       |     2 |     1 ||     4
         Momentum Strike   |       |       |     3 |       ||     3
         Mephitic Cloud    |       |       |     1 |       ||     1
         Volatile Blastmot |       |       |       |     1 ||     1
 Invoke: Stomp             |       |     1 |    16 |     3 ||    20
         Line Pass         |       |       |     4 |       ||     4
    Use: Scroll            |     1 |     6 |     5 |       ||    12
         Potion            |     1 |     5 |     2 |       ||     8
   Stab: Paralysed         |       |       |    13 |     1 ||    14
         Sleeping          |       |       |     2 |       ||     2
         Confused          |       |       |     1 |     1 ||     2
 Armour: Leather armour    |    18 |    51 |   164 |    34 ||   267
  Dodge: Dodged            |    46 |   108 |   295 |    67 ||   516
  Block: Buckler           |       |       |    44 |    33 ||    77
